 Dungeon Crawl Stone Soup version 0.19.1-1-g22dce08 (webtiles) character file.

310 Gargoyl the Skirmisher (level 6, -13/51 (52) HPs)
             Began as a Ghoul Abyssal Knight on Jan 12, 2017.
             Was a Believer of Lugonu.
             Mangled by an ogre
             ... wielding a +0 giant club
              (22 damage)
             ... on level 4 of the Dungeon.
             The game lasted 00:07:00 (2511 turns).

Gargoyl the Skirmisher (Ghoul Abyssal Knight)       Turns: 2511, Time: 00:07:00

HP:   -13/51 (52)   AC: 11    Str: 21    XL:     6   Next: 41%
MP:   7/7           EV:  8    Int:  7    God:    Lugonu [**....]
Gold: 167           SH:  0    Dex: 10    Spells: 0 memorised, 5 levels left

rFire  . . .     SeeInvis .     a - +1 hand axe
rCold  + . .     Gourm    .     f - +0 chain mail
rNeg   + + +     Faith    .     (no shield)
rPois  ∞         Spirit   .     (no helmet)
rElec  .         Reflect  .     l - +0 cloak
rCorr  .         Harm     .     (no gloves)
MR     .....                    e - +0 pair of boots
Stlth  ..........               (no amulet)
                                (no ring)
                                (no ring)

@: mighty, rotting
A: rotting body, claws 1, carnivore 3, cold resistance 1, negative energy
resistance 3, slow regeneration 1, torment resistance, unbreathing
a: Depart the Abyss, Bend Space, Renounce Religion


You were on level 4 of the Dungeon.
You worshipped Lugonu.
Lugonu was pleased with you.
You were not hungry.

You visited 1 branch of the dungeon, and saw 4 of its levels.
You visited the Abyss 1 time.

You collected 167 gold pieces.

Inventory:

Hand Weapons
 a - a +1 hand axe (weapon)
Armour
 e - a +0 pair of boots (worn)
 f - a +0 chain mail (worn)
 l - a +0 cloak (worn)
Scrolls
 b - 4 scrolls of identify
 h - 4 scrolls of enchant weapon
 i - a scroll of teleportation
 j - a scroll of remove curse
Potions
 d - a potion of degeneration
 k - a potion of lignification {unknown}
 n - 3 potions of magic {unknown}
 p - a potion of curing {unknown}
 s - 3 potions of heal wounds {unknown}
 u - 2 potions of berserk rage {unknown}
Books
 g - a book of Minor Magic

   Spells                             Type                      Level
   a - Magic Dart                     Conjuration                  1
   b - Blink                          Translocation                2
   c - Call Imp                       Summoning                    2
   d - Repel Missiles                 Charms/Air                   2
   e - Slow                           Hexes                        2
   f - Conjure Flame                  Conjuration/Fire             3
   g - Mephitic Cloud                 Conjuration/Poison/Air       3
Comestibles
 c - 3 meat rations
 q - 2 beef jerkies


   Skills:
 + Level 4.1 Fighting
 + Level 3.6 Axes
 * Level 3.7 Armour
 + Level 1.0 Dodging
 * Level 3.3 Invocations


You had 5 spell levels left.
You didn't know any spells.

Dungeon Overview and Level Annotations

Branches:
Dungeon (4/15)
 Temple: D:4-7

Altars:


Innate Abilities, Weirdness & Mutations

Your body is rotting away.
You thrive on raw meat.
You are immune to poison.
You have sharp fingernails.
You are carnivorous and can eat meat at any time.
Your flesh is cold resistant. (rC+)
You are immune to negative energy. (rN+++)
You regenerate slowly when monsters are visible.
You are immune to unholy pain and torment.
You can survive without breathing.


Message History

You start eating the chunk of flesh.
You feel more resilient.
This raw flesh tastes great!
You start resting.
You feel your flesh rotting away.
You start resting.
HP restored.
You climb downwards.
The ogre hits you with a giant club! x2
There is a stone staircase leading up here.
Okay, then.
You feel very mighty all of a sudden.
Your chain mail prevents you from hitting the ogre.
The ogre hits you with a giant club!
* * * LOW HITPOINT WARNING * * *
You slash the ogre!
The ogre is severely wounded.
The ogre closely misses you.
You hit the ogre.
The ogre is almost dead.
The ogre hits you with a giant club!!
You die...

#.# #.# ## #.#####
..##### #.#...#
......# #.#.#.#
......# #.#.<.#
......########.#...#
................O..#
...########.....@..#
##..............#.##
#..#######.##......
##..# #.)...#.#.###
....# #...#.#.#.#
###.# #.....#.#.#
..#.# #.....#.#.#
#.#.#####..<..#.#.#
#.#........<..#.#


You could see an ogre.

Vanquished Creatures
  Grinder (D:3)
  A worker ant (D:2)
  A howler monkey skeleton (D:4)
  An adder (D:2)
  2 worms
  2 dart slugs (D:2)
  2 leopard geckos (D:2)
  An orc (D:3)
  8 bats
  2 giant cockroaches
  5 goblins
  6 hobgoblins
  11 jackals
  8 kobolds
  A frilled lizard (D:2)
  10 rats
62 creatures vanquished.

Notes
Turn   | Place    | Note
-------+----------+-------------------------------------------
     0 | Abyss:1  | Gargoyl the Ghoul Abyssal Knight began the quest for the Orb.
     0 | Abyss:1  | Reached XP level 1. HP: 19/19 MP: 1/1
   117 | Abyss:1  | Found a corrupted altar of Lugonu.
   120 | Abyss:1  | Noticed a large abomination
   171 | Abyss:1  | Noticed a small abomination
   184 | Abyss:1  | Noticed a raiju
   186 | D:1      | Escaped the Abyss
   186 | D:1      | Noticed a minotaur zombie
   204 | D:1      | Noticed a merfolk zombie
   206 | D:1      | Noticed a minotaur zombie
   206 | D:1      | Noticed a merfolk zombie
   330 | D:1      | Reached * piety under Lugonu
   330 | D:1      | Reached XP level 2. HP: 21/26 MP: 2/2
   688 | D:2      | Reached XP level 3. HP: 19/33 MP: 3/3
   936 | D:2      | Reached ** piety under Lugonu
   973 | D:2      | Reached XP level 4. HP: 25/40 MP: 4/4
  1191 | D:3      | Noticed Grinder
  1196 | D:3      | Paralysed by Grinder for 4 turns
  1259 | D:3      | Paralysed by Grinder for 5 turns
  1270 | D:3      | Paralysed by Grinder for 6 turns
  1281 | D:3      | Paralysed by Grinder for 7 turns
  1289 | D:3      | Killed Grinder
  1289 | D:3      | Reached skill level 4 in Fighting
  1289 | D:3      | Reached skill level 1 in Dodging
  1289 | D:3      | Reached XP level 5. HP: 11/46 MP: 6/6
  1289 | D:3      | Reached XP level 6. HP: 13/52 MP: 7/7
  2511 | D:4      | Mangled by an ogre

Skill      XL: |  1  2  3  4 |
---------------+-------------+-----
Armour         | 2 3 |  3.7
Axes           | 2 3 |  3.6
Fighting       | 4 |  4.1
Dodging        | 1 |  1.0
Invocations    | 3 |  3.3

Action                   |  1- 3 |  4- 6 || total
-------------------------+-------+-------++-------
Melee: Hand axe          |   127 |   114 ||   241
Invok: Depart the Abyss  |     1 |       ||     1
  Use: Potion            |       |     3 ||     3
       Scroll            |       |     7 ||     7
  Eat: Chunk             |    12 |    14 ||    26
Armor: Chain mail        |   114 |    71 ||   185
Dodge: Dodged            |    58 |    38 ||    96
